Map: Dusk Towers

Players

humosumo - Winner!

  • Race: Protoss Protoss
  • League: Diamond

Commando

  • Race: Terran Terran
  • League: Diamond

VOD

Have the link to the VOD?

Description

Time

  • Played on: Dec. 25, 2015, 5:20 p.m.
  • Length: 14:14
Show
View Real Time Build Order
Export as new Build Order

humosumo Protoss - Winner!

Build Orders: 1 Gate Expand, Oracle Opening 

Get SALT Encoding   

  12  0:01  Probe (Chrono Boost)  
  13  0:11  Probe (Chrono Boost)  
  14  0:18  Pylon  
  14  0:23  Probe (Chrono Boost)  
  15  0:36  Probe (Chrono Boost)  
  15  0:37  Gateway  
  16  0:46  Probe (Chrono Boost)  
  17  0:52  Assimilator  
  17  0:58  Probe (Chrono Boost)  
  18  1:09  Probe (Chrono Boost)  
  19  1:24  Nexus  
  19  1:28  Probe (Chrono Boost)  
  20  1:37  Cybernetics Core  
  20  1:42  Probe (Chrono Boost)  
  21  1:50  Assimilator  
  21  1:52  Probe (Chrono Boost)  
  22  1:57  Pylon  
  22  2:03  Probe (Chrono Boost)  
  23  2:13  Probe (Chrono Boost)  
  23  2:17  Warp Gate  
  23  2:24  Mothership Core (Chrono Boost)  
  23  2:25  Adept  
  27  2:36  Probe (Chrono Boost)  
  28  2:43  Probe (Chrono Boost)  
  29  2:50  Pylon  
  29  2:55  Probe (Chrono Boost)  
  29  2:57  Stargate  
  30  2:59  Probe (Chrono Boost)  
  31  3:06  Probe (Chrono Boost)  
  31  3:09  Probe (Chrono Boost)  
  33  3:15  Robotics Facility  
  33  3:16  Probe (Chrono Boost)  
  35  3:20  Probe (Chrono Boost)  
  35  3:27  Probe (Chrono Boost)  
  35  3:30  Probe (Chrono Boost)  
  37  3:38  Probe (Chrono Boost)  
  37  3:40  Pylon  
  37  3:41  Probe (Chrono Boost)  
  39  3:43  Oracle, Assimilator  
  43  3:48  Probe (Chrono Boost)  
  43  3:51  Probe (Chrono Boost)  
  43  3:54  Assimilator  
  44  3:59  Probe (Chrono Boost)  
  44  4:02  Probe (Chrono Boost)  
  46  4:09  Probe (Chrono Boost)  
  47  4:12  Probe (Chrono Boost)  
  48  4:20  Probe (Chrono Boost)  
  48  4:23  Probe (Chrono Boost)  
  50  4:26  Nexus  
  50  4:29  Pylon  
  50  4:30  Probe (Chrono Boost)  
  51  4:31  Pylon  
  51  4:34  Probe (Chrono Boost)  
  52  4:41  Probe (Chrono Boost), Gateway  
  53  4:47  Robotics Bay  
  53  4:48  Probe (Chrono Boost)  
  53  4:51  Probe (Chrono Boost)  
  55  4:58  Probe (Chrono Boost)  
  56  5:03  Probe (Chrono Boost)  
  57  5:09  Probe (Chrono Boost)  
  57  5:11  Warp Prism  
  57  5:14  Probe (Chrono Boost)  
  61  5:16  Gateway  
  61  5:20  Probe (Chrono Boost), Forge  
  62  5:24  Probe (Chrono Boost)  
  63  5:30  Probe (Chrono Boost)  
  65  5:35  Probe (Chrono Boost)  
  65  5:43  Probe (Chrono Boost)  
  66  5:51  Disruptor  
  66  5:53  Forge, Protoss Ground Weapons Level 1 (Chrono Boost)  
  66  5:55  Probe (Chrono Boost)  
  70  5:57  Probe (Chrono Boost)  
  70  6:02  Probe (Chrono Boost)  
  72  6:06  Probe (Chrono Boost)  
  72  6:07  Assimilator  
  72  6:08  Adept x2  
  77  6:14  Gravitic Drive (Chrono Boost)  
  77  6:16  Probe  
  78  6:21  Gateway  
  78  6:26  Gateway  
  78  6:27  Disruptor  
  78  6:28  Pylon  
  78  6:31  Pylon x2  
  81  6:34  Pylon, Assimilator  
  81  6:37  Stalker x2  
  85  6:41  Protoss Ground Armor Level 1 (Chrono Boost)  
  85  6:44  Probe  
  86  6:51  Zealot  
  88  7:00  Twilight Council  
  88  7:01  Probe  
  88  7:02  Disruptor  
  88  7:03  Probe x2  
  88  7:04  Gateway  
  88  7:06  Gateway  
  88  7:07  Gateway x2  
  91  7:16  Adept x2  
  91  7:19  Stalker  
  97  7:28  Probe  
  98  7:34  Probe  
  98  7:35  Probe  
  100  7:39  Charge (Chrono Boost)  
  100  7:41  Protoss Ground Weapons Level 2  
  100  7:42  Disruptor  
  103  7:45  Stalker x3  
  103  7:46  Adept x2  
  113  8:03  Probe  
  113  8:04  Nexus  
  114  8:06  Pylon  
  114  8:08  Pylon  
  114  8:17  Disruptor, Pylon  
  117  8:21  Pylon  
  117  8:24  Probe  
  117  8:25  Stalker x4, Pylon  
  117  8:26  Adept, Zealot x2  
  117  8:27  Adept  
  134  8:41  Zealot  
  136  8:50  Photon Cannon  
  136  8:52  Photon Cannon  
  136  8:56  Dark Shrine, Photon Cannon  
  136  8:58  Probe, Assimilator  
  136  9:01  Probe  
  136  9:02  Adept x3, Assimilator  
  142  9:04  Stalker x3  
  150  9:21  Stalker x3  
  156  9:30  Probe  
  158  9:31  Observer  
  158  9:37  Probe  
  159  9:41  Probe  
  159  9:43  Probe  
  161  9:46  Probe  
  161  9:47  Protoss Ground Armor Level 2  
  161  9:49  Probe  
  160  10:00  Disruptor  
  160  10:04  Observer Gravitic Boosters  
  160  10:05  Protoss Ground Weapons Level 3  
  163  10:07  Adept x2  
  163  10:10  Adept  
  163  10:11  Adept x5  
  179  10:23  Pylon  
  179  10:27  Pylon  
  177  10:30  Pylon  
  171  10:36  Observer  
  171  10:37  Dark Templar x2  
  172  11:00  Adept  
  172  11:01  Adept x3  
  180  11:28  Probe  
  180  11:30  Stalker x3  
  187  11:49  Pylon  
  187  11:55  Pylon  
  187  11:56  Pylon  
  187  11:58  Nexus  
  187  12:00  Pylon  
  187  12:01  Stargate  
  187  12:02  Pylon  
  187  12:06  Warp Prism  
  189  12:20  Zealot  
  189  12:21  Zealot x6  
  192  12:54  Twilight Council  
  192  13:06  Dark Templar  
  192  13:07  Dark Templar x3  
Show
View Real Time Build Order
Export as new Build Order

Commando Terran 

Build Orders: MMM Bio 

Get SALT Encoding   

  12  0:00  SCV  
  13  0:12  SCV  
  14  0:17  Supply Depot  
  14  0:24  SCV  
  15  0:39  SCV  
  15  0:40  Barracks  
  16  0:51  SCV  
  17  1:03  SCV  
  18  1:15  SCV  
  19  1:30  Command Center  
  19  1:34  Orbital Command  
  19  1:44  Marine  
  20  1:53  Supply Depot  
  20  2:02  Marine  
  20  2:04  SCV  
  22  2:17  SCV  
  22  2:19  Command Center  
  22  2:21  Marine  
  24  2:42  Engineering Bay  
  24  2:43  Marine  
  25  2:44  SCV  
  25  2:59  Orbital Command  
  25  3:01  Marine  
  25  3:04  SCV, Refinery  
  27  3:06  Refinery  
  27  3:13  Missile Turret, Barracks  
  27  3:15  Missile Turret  
  27  3:16  SCV  
  28  3:21  Marine  
  28  3:27  SCV  
  30  3:28  SCV  
  31  3:38  Barracks  
  31  3:40  Marine  
  32  3:56  Bunker  
  32  3:59  Factory  
  32  4:03  Barracks Reactor  
  32  4:04  Missile Turret  
  31  4:11  Orbital Command  
  31  4:15  Barracks Tech Lab  
  31  4:18  Barracks  
  31  4:25  Barracks Tech Lab  
  31  4:27  Terran Infantry Weapons Level 1  
  31  4:29  Bunker  
  32  4:31  SCV x2  
  32  4:35  Marauder  
  35  4:38  SCV  
  35  4:43  SCV x2  
  38  4:46  Widow Mine  
  38  4:50  Refinery  
  40  4:58  SCV x3  
  40  4:59  Marine x2  
  44  5:01  Stimpack  
  44  5:10  SCV  
  44  5:12  SCV x2  
  44  5:14  Marauder x2  
  51  5:22  SCV, Marine  
  51  5:23  Marine  
  51  5:24  SCV x2, Supply Depot  
  56  5:29  Supply Depot  
  56  5:30  Concussive Shells  
  56  5:34  SCV  
  57  5:36  SCV x2  
  57  5:38  Marauder  
  57  5:41  Barracks Tech Lab  
  61  5:46  SCV, Marauder  
  61  5:48  SCV x2  
  66  5:54  Marine x2  
  68  6:00  SCV  
  68  6:01  Marauder, Marine  
  68  6:02  Combat Shields  
  72  6:09  SCV x2  
  72  6:10  Barracks  
  74  6:11  Barracks  
  74  6:12  SCV  
  75  6:20  Supply Depot  
  75  6:21  SCV x2  
  75  6:22  Supply Depot, Marine x2  
  75  6:23  Supply Depot, Marauder  
  75  6:24  SCV  
  82  6:28  Terran Infantry Armor Level 1  
  82  6:31  Engineering Bay  
  82  6:36  Refinery  
  82  6:37  SCV x3  
  85  6:47  Supply Depot  
  85  6:49  SCV  
  85  6:50  SCV x2  
  85  6:53  Supply Depot  
  85  6:54  Armory  
  88  6:59  Barracks Tech Lab  
  88  7:00  Barracks Tech Lab  
  88  7:01  Starport  
  88  7:15  Marine x2  
  88  7:16  Marauder x2  
  88  7:17  SCV x3, Marauder  
  88  7:21  Widow Mine  
  101  7:23  Marauder x2  
  101  7:24  Refinery  
  101  7:26  Refinery  
  101  7:29  SCV x3  
  108  7:30  Supply Depot  
  108  7:31  Starport  
  108  7:38  Marauder  
  108  7:39  Command Center, Marine  
  108  7:40  Marauder x2  
  108  7:41  SCV x2  
  108  7:43  Starport Reactor  
  117  7:46  SCV  
  117  7:47  Ghost Academy  
  118  7:55  Marauder x2  
  122  8:04  Fusion Core  
  122  8:05  Terran Infantry Weapons Level 2  
  122  8:10  Starport Tech Lab  
  122  8:12  Supply Depot  
  122  8:13  Supply Depot, Marauder  
  122  8:14  Supply Depot, Marauder x2  
  122  8:16  Marauder  
  122  8:19  SCV x3  
  133  8:30  Personal Cloaking  
  133  8:33  SCV x2, Supply Depot, Medivac  
  133  8:34  Marauder, Medivac  
  137  8:38  SCV  
  138  8:42  Ghost  
  138  8:45  SCV x2  
  148  8:48  Marauder x3  
  148  8:50  SCV  
  149  8:59  Advanced Ballistics  
  149  9:06  Medivac  
  149  9:08  Medivac  
  135  9:20  Marine x4  
  135  9:21  Marauder x3  
  135  9:23  Orbital Command  
  145  9:24  SCV x3  
  148  9:32  Widow Mine  
  152  9:38  Marauder  
  152  9:39  Medivac x2  
  145  10:03  SCV x3, Liberator  
  145  10:04  Liberator  
  148  10:18  Marauder x5  
  148  10:19  Marine x2  
  159  10:39  Marauder  
  159  10:40  Marauder x3  
  159  10:41  Marauder  
  147  11:00  Marauder  
  147  11:01  Marine  
  147  11:02  Marauder x4, Marine  
  150  11:19  Liberator  
  150  11:22  Marauder  
  143  11:32  SCV x2  
  145  11:34  Marine, Marauder x4  
  145  11:35  Marine  
  145  11:36  Medivac x2  
  162  11:41  SCV  
  162  11:44  SCV x2  
  165  11:49  Command Center  
  165  12:08  Supply Depot  
  165  12:09  Supply Depot  
  165  12:10  Supply Depot  
  165  12:12  Supply Depot  
  165  12:13  Barracks  
  165  12:14  Marauder x2  
  165  12:27  Command Center  
  165  12:30  Marauder x3  
  165  12:35  Supply Depot, Marauder  
  169  12:40  Marauder  
  171  12:47  Marine x2  
  173  12:51  Marauder x2  
  173  12:52  Marauder  
  173  12:57  Marauder  
  181  13:01  Marauder  
  181  13:05  Marine  
  184  13:13  Marauder x3  
  126  13:54  Marine  
  126  13:55  Marine x4  
Tags
 
Add a new tag
Caveats
  • Supply blocks, unpowered buildings, or Contaminate may cause inaccurate times.
  • Supply counts are checked every 10 seconds.